 Dungeon Crawl Stone Soup version 0.26-a0-1033-gd598b01645 (webtiles) character file.

Game seed: 15753525138249533702

1374 Maimakterion the Thaumaturge (level 8, 0/46 HPs)
             Began as a Deep Elf Fire Elementalist on Dec 10, 2020.
             Slain by an orc
             ... wielding a +1 short sword of venom
              (7 damage)
             ... on level 6 of the Dungeon.
             The game lasted 00:08:20 (5382 turns).

Maimakterion the Thaumaturge (DEFE)                 Turns: 5382, Time: 00:08:20

Health: 0/46       AC:  2    Str:  5    XL:     8   Next: 39%
Magic:  15/22      EV: 15    Int: 23    God:
Gold:   152        SH:  0    Dex: 15    Spells: 10/23 levels left

rFire    . . .     SeeInvis .   o - +2 mace (drain)
rCold    . . .     Faith    .   (no shield)
rNeg     . . .     Spirit   .   a - +0 robe
rPois    .         Reflect  .   (no helmet)
rElec    .         Harm     .   m - scarf {repulsion}
rCorr    .         Rampage  .   (no gloves)
Will     .....                  (no boots)
Stlth    ++........             (no amulet)
HPRegen  0.15/turn              (no ring)
MPRegen  0.18/turn              (no ring)

@: lethally poisoned (0 -> -8), repel missiles
A: no striking features
a: no special abilities


You were on level 6 of the Dungeon.
You visited 1 branch of the dungeon, and saw 6 of its levels.

You collected 152 gold pieces.

Inventory:

Hand Weapons
 o - a +2 mace of draining (weapon)
 r - a +2 whip of electrocution
Armour
 a - a +0 robe (worn)
 m - a scarf of repulsion (worn)
Wands
 b - a wand of iceblast (6)
 l - a wand of disintegration (10)
Scrolls
 d - a scroll of fear {unknown}
 g - 3 scrolls of teleportation {unknown}
 i - 7 scrolls of remove curse {unknown}
 p - a scroll of blinking {unknown}
 t - a scroll of enchant armour {unknown}
 u - a scroll of fog {unknown}
 v - a scroll of noise {unknown}
Potions
 e - 2 potions of might {unknown}
 f - a potion of berserk rage
 h - a potion of flight
 j - 3 potions of haste
 k - a potion of attraction
 n - 2 potions of lignification {unknown}
 q - a potion of degeneration {unknown}
 s - a potion of invisibility {unknown}


   Skills:
 + Level 3.1 Fighting
 + Level 5.4 Dodging
 - Level 2.4 Stealth
 * Level 8.4 Spellcasting
 + Level 4.5 Conjurations
 + Level 5.7 Fire Magic


You had 10 spell levels left.
You knew the following spells:

 Your Spells              Type           Power        Failure   Level
a - Foxfire               Conj/Fire      ####         1%          1
c - Conjure Flame         Conj/Fire      ####....     2%          3
d - Sticky Flame          Conj/Fire      ####....     8%          4
e - Fireball              Conj/Fire      ####......   22%         5

Your spell library contained the following spells:

 Spells                   Type           Power        Failure   Level
 Inner Flame              Hex/Fire       ###.....     6%          3


Dungeon Overview and Level Annotations

Branches:
Dungeon (6/15)
 Temple: D:4-7

Altars:
Cheibriados
Sif Muna
Uskayaw
Vehumet

Annotations:
D:3 3 runed translucent doors, gaul's ghost, amateur DEFE


Message History

Aiming: Sticky Flame (quite dangerous; 9% risk of failure)
Press: ? - help, Shift-Dir - straight line, f - orc wizard
Aim: an orc wizard, wielding a +0 dagger and wearing a +0 robe (0% to evade)
The sticky flame hits the orc wizard.
The orc wizard is heavily wounded.
The orc wizard is covered in liquid flames!
The orc wizard burns!
The orc wizard misses you.
You now have 14/22 mp.
You sock the orc wizard!
You kill the orc wizard!
You closely miss the orc.
The orc hits you with a +1 short sword of venom.
* * * LOW HITPOINT WARNING * * *
You are lethally poisoned!
You take 4 damage, and have 9/46 hp.
You barely miss the orc.
* * * LOW HITPOINT WARNING * * *
You feel sick.
The orc hits you with a +1 short sword of venom!
You die...

#####.#####......#
#.# #......# #.#
#......# #.#
#......# #.#
#####.## #.# #.#
#ยง# #.#
#######.#########.#
..<...........)o@.#
##.####.###########
.... ###.## #.# #.#
#.. ###


You could see an orc.

Vanquished Creatures
  An orc warrior (D:6)
  An ogre (D:6)
  A phantom (D:4)
  A bullfrog (D:5)
  A gnoll sergeant (D:6)
  2 scorpions
  8 wights
  A gnoll shaman (D:5)
  A hound (D:4)
  A jelly (D:5)
  An orc priest (D:5)
  5 orc wizards
  An iguana (D:4)
  A worker ant (D:4)
  10 gnolls
  4 adders
  A shadow imp (D:6)
  2 white imps (D:5)
  2 worms
  2 dart slugs (D:2)
  A leopard gecko (D:4)
  19 orcs
  4 bats
  2 giant cockroaches
  5 goblins
  6 hobgoblins
  15 jackals
  6 kobolds
  2 quokkas
  4 ball pythons
  3 frilled lizards
  A quokka skeleton (D:5)
  3 rats
118 creatures vanquished.

Vanquished Creatures (collateral kills)
  2 foxfires (D:2)
2 creatures vanquished.

Vanquished Creatures (others)
  461 foxfires
461 creatures vanquished.

Grand Total: 581 creatures vanquished

Notes
Turn   | Place    | Note
-------+----------+-------------------------------------------
     0 | D:1      | Maimakterion the Deep Elf Fire Elementalist began the quest
                  | for the Orb.
     0 | D:1      | Reached XP level 1. HP: 10/10 MP: 6/6
   239 | D:1      | Reached XP level 2. HP: 15/15 MP: 5/8
   814 | D:2      | Reached XP level 3. HP: 20/20 MP: 8/10
  1603 | D:2      | Reached skill level 4 in Spellcasting
  1659 | D:2      | You fall into a shaft and drop 2 floors!
  1935 | D:3      | Reached XP level 4. HP: 24/24 MP: 7/12
  1992 | D:3      | Reached skill level 1 in Fighting
  2140 | D:3      | Found a runed translucent gate.
  2140 | D:3      | Found a runed translucent gate.
  2141 | D:3      | Found a runed translucent gate.
  2145 | D:3      | Noticed gaul's ghost (amateur DEFE)
  2592 | D:4      | Reached XP level 5. HP: 29/29 MP: 7/14
  2594 | D:4      | Reached skill level 5 in Spellcasting
  2896 | D:4      | Found a snail-covered altar of Cheibriados.
  2896 | D:4      | Found a radiant altar of Vehumet.
  2979 | D:4      | Reached XP level 6. HP: 32/34 MP: 9/16
  2983 | D:4      | Learned a level 3 spell: Conjure Flame
  2988 | D:4      | Learned a level 4 spell: Sticky Flame
  2994 | D:4      | Learned a level 5 spell: Fireball
  3122 | D:4      | Reached skill level 6 in Spellcasting
  3424 | D:5      | Entered Level 5 of the Dungeon
  3876 | D:5      | Reached XP level 7. HP: 33/40 MP: 12/18
  4042 | D:5      | Reached skill level 5 in Fire Magic
  4221 | D:5      | Reached skill level 7 in Spellcasting
  4997 | D:6      | Reached skill level 5 in Dodging
  5004 | D:6      | Reached XP level 8. HP: 28/45 MP: 3/21
  5092 | D:6      | Reached skill level 8 in Spellcasting
  5336 | D:6      | Found a shimmering blue altar of Sif Muna.
  5337 | D:6      | Found a hide-covered altar of Uskayaw.
  5382 | D:6      | Slain by an orc

Illustrated notes

Levels and vault maps discovered:
D:1:      matt_arrival_los_fun, layout_rooms, kennysheep_another_room
D:2:      layout_loops_ring, serial_glass, glass_columns_a, glass_columns_b,
          glass_columns_c, glass_columns_a, chequers_big_river
D:3:      layout_rooms, gammafunk_ghost_split, corexii_shack, st_stairs_11,
          hangedman_abyss_or_decor_lesser_grid
D:4:      layout_gridville, gammafunk_temple_overflow_wave
D:5:      layout_loops_ring
D:6:      layout_basic, nicolae_overflow_hidden_temple

Skill      XL: |  1  2  3  4  5  6  7  8 |
---------------+-------------------------+-----
Spellcasting   | 4 5 6 7 8 |  8.4
Dodging        | 3 4 5 |  5.4
Fighting       | 1 2 3 |  3.1
Conjurations   | 2 3 4 |  4.5
Fire Magic     | 4 5 |  5.7
Stealth        | |  2.4

Action                   |  1- 3 |  4- 6 |  7- 9 || total
-------------------------+-------+-------+-------++-------
Melee: Unarmed           |     4 |     1 |       ||     5
       Mace              |       |    14 |    32 ||    46
 Cast: Foxfire           |   104 |    81 |   103 ||   288
       Sticky Flame      |       |       |     5 ||     5
  Use: Scroll            |       |     3 |     1 ||     4
       Potion            |       |       |     1 ||     1
 Stab: Sleeping          |       |       |     1 ||     1
Armor: Robe              |     4 |     2 |     4 ||    10
Dodge: Dodged            |    14 |    32 |    34 ||    80
       Repelled          |     1 |       |     1 ||     2

Table legend: (Time is in decaauts)
 A = Elapsed time spent in this place.
 B = Non-inter-level travel time spent in this place.
 C = Inter-level travel time spent in this place.
 D = Time resting spent in this place.
 E = Time spent auto-exploring this place.
 F = Levels seen in this place.
 G = Mean time per level.
                   A        B        C        D        E       F      G
               +--------+--------+--------+--------+--------+-----+--------+
         Total |   5406 |   5197 |    209 |    354 |   4118 |   6 |  901.0 |
       Dungeon |   5406 |   5197 |    209 |    354 |   4118 |   6 |  901.0 |
               +--------+--------+--------+--------+--------+-----+--------+

Top non-repeatable levels by time:
     D:5: 1376 daAuts
     D:4: 1297 daAuts
     D:2: 1031 daAuts
     D:3: 665 daAuts
     D:1: 633 daAuts
     D:6: 401 daAuts
